Map: Old Republic LE

Players

HoldTheDoor

  • Race: Protoss Protoss
  • League: Diamond
  • Spawn Location: 7:00

Kend - Winner!

  • Race: Protoss Protoss
  • League: Diamond
  • Spawn Location: 1:00

VOD

Have the link to the VOD?

Description

Time

  • Played on: May 11, 2026, 1:06 p.m.
  • Length: 4:47
Show
View Real Time Build Order
Export as new Build Order

HoldTheDoor Protoss 

Build Orders:  

Get SALT Encoding   

  12  0:00  Probe  
  13  0:12  Probe  
  14  0:17  Pylon  
  14  0:23  Probe  
  15  0:31  Probe  
  16  0:39  Gateway, Probe  
  17  0:50  Assimilator  
  17  0:52  Probe  
  19  1:04  Probe  
  19  1:09  Assimilator  
  19  1:15  Gateway  
  19  1:16  Probe  
  20  1:28  Probe  
  20  1:32  Cybernetics Core  
  21  1:38  Pylon  
  21  1:41  Probe  
  22  1:53  Probe  
  23  2:05  Probe  
  23  2:07  Warp Gate  
  24  2:15  Adept x2  
  28  2:23  Gateway  
  28  2:28  Pylon  
  28  2:33  Shield Battery  
  28  2:35  Probe  
  29  2:45  Adept  
  29  2:47  Adept  
  33  3:09  Shield Battery  
  33  3:11  Pylon  
  33  3:33  Shield Battery  
  33  3:35  Pylon  
  33  3:38  Gateway  
  33  3:55  Adept x3  
  39  4:06  Pylon  
  39  4:08  Pylon  
Show
View Real Time Build Order
Export as new Build Order

Kend Protoss - Winner!

Build Orders:  

Get SALT Encoding   

  12  0:00  Probe  
  13  0:12  Probe  
  14  0:17  Pylon  
  14  0:24  Probe  
  15  0:36  Gateway  
  15  0:44  Pylon  
  15  0:48  Probe  
  16  1:02  Probe, Assimilator  
  16  1:03  Assimilator  
  16  1:10  Probe  
  17  1:16  Gateway  
  18  1:20  Probe  
  19  1:31  Cybernetics Core  
  19  1:35  Probe  
  20  1:46  Zealot  
  23  1:47  Probe  
  23  1:55  Pylon  
  23  2:03  Stalker  
  23  2:04  Stalker  
  23  2:10  Warp Gate  
  27  2:44  Nexus  
  27  2:50  Pylon  
  27  2:53  Sentry  
  27  3:04  Stalker  
  27  3:10  Pylon  
  27  3:12  Probe  
  30  3:24  Probe  
  30  3:27  Stalker  
  33  3:35  Stalker  
  33  3:36  Probe  
  36  3:50  Robotics Facility  
  36  3:55  Gateway  
  36  4:07  Shield Battery  
  36  4:09  Probe  
  37  4:17  Probe  
  39  4:30  Probe  
Tags
 
Matchup
PvP
Replay Pack
SC2Mai2026
Spawn Locations
Cross Positions
Add a new tag
Caveats
  • Supply blocks, unpowered buildings, or Contaminate may cause inaccurate times.
  • Supply counts are checked every 10 seconds.